TOP OF THE 1ST |
Mercer Island Screaming Eagles batting - Pitching for Tacoma Fur Traders : LHP Walt Crouch
|
Pitching: LHP Walt Crouch
|
|
Batting: RHB Kimi Okubo
|
0-0: Ball 1-0: Ball 2-0: Foul Ball, location: 2F 2-1: Called Strike 2-2: Ball 3-2: DOUBLE (Line Drive, 78S)
|
Batting: SHB Serious Lee
|
0-0: Ball 1-0: Swinging Strike 1-1: Fly out, F9 (Flyball, 9D) Runner from 2nd tags up, SAFE at 3rd, no throw
|
Batting: RHB Dejmi Dumervil
|
0-0: Ground out 6-3 (Groundball, 6) Kimi Okubo scores
|
Batting: RHB Fortunato Rasquinha
|
0-0: Called Strike 0-1: Ball 1-1: Ground out 1-3 (Groundball, 13S)
|
Top of the 1st over - 1 run, 1 hit, 0 errors, 0 left on base; Mercer Island 1 - Tacoma 0 |
BOTTOM OF THE 1ST |
Tacoma Fur Traders batting - Pitching for Mercer Island Screaming Eagles : RHP Zion DeBose
|
Pitching: RHP Zion DeBose
|
|
Batting: LHB Vance Corkum
|
0-0: Fly out, F9 (Flyball, 9LS)
|
Batting: RHB Josh Mawdesley
|
0-0: Called Strike 0-1: Foul Ball, location: 2F 0-2: Ball 1-2: Ball 2-2: Ball 3-2: Ground out 5-3 (Groundball, 56S)
|
Batting: LHB Keizo Morishita
|
0-0: Fly out, F9 (Flyball, 9S)
|
Bottom of the 1st over - 0 runs, 0 hits, 0 errors, 0 left on base; Mercer Island 1 - Tacoma 0 |
TOP OF THE 2ND |
Mercer Island Screaming Eagles batting - Pitching for Tacoma Fur Traders : LHP Walt Crouch
|
Batting: RHB Emílio Ramírez
|
0-0: Ball 1-0: Called Strike 1-1: Swinging Strike 1-2: Ball 2-2: Foul Ball, location: 2F 2-2: Strikes out swinging, 2-3 out at first.
|
Batting: RHB Juan Reyes
|
0-0: Called Strike 0-1: SOLO HOME RUN (Flyball, 78XD), Distance : 435 ft
|
Batting: SHB Jason Graham
|
0-0: Foul Ball, location: 2F 0-1: Ball 1-1: Ball 2-1: Called Strike 2-2: Strikes out looking
|
Batting: RHB Oliver Burrell
|
0-0: Swinging Strike 0-1: Ground out 2-3 (Groundball, 15S)
|
Top of the 2nd over - 1 run, 1 hit, 0 errors, 0 left on base; Mercer Island 2 - Tacoma 0 |
BOTTOM OF THE 2ND |
Tacoma Fur Traders batting - Pitching for Mercer Island Screaming Eagles : RHP Zion DeBose
|
Batting: RHB Sinclair Bothof
|
0-0: Ball 1-0: Ball 2-0: Called Strike 2-1: Fly out, F6 (Line Drive, 6)
|
Batting: RHB Bill Perkins
|
0-0: Called Strike 0-1: Ball 1-1: SINGLE (Line Drive, 7LS)
|
Batting: RHB Robin Colwill
|
0-0: Fielders Choice at 2nd, 5-4 (Groundball, 56)
|
Batting: RHB Michael Palledorous
|
0-0: Called Strike 0-1: Ball 1-1: Foul Ball, location: 2F 1-2: Ball 2-2: Fly out, F8 (Flyball, 8LXD)
|
Bottom of the 2nd over - 0 runs, 1 hit, 0 errors, 1 left on base; Mercer Island 2 - Tacoma 0 |
TOP OF THE 3RD |
Mercer Island Screaming Eagles batting - Pitching for Tacoma Fur Traders : LHP Walt Crouch
|
Batting: RHB Ed Bowers
|
0-0: Called Strike 0-1: Ball 1-1: SINGLE (Line Drive, 34)
|
Batting: RHB Kimi Okubo
|
0-0: Ball 1-0: Ball 2-0: Ball 3-0: Called Strike 3-1: Fly out, F7 (Flyball, 7)
|
Batting: SHB Serious Lee
|
0-0: Called Strike 0-1: Ball 1-1: Ball 2-1: Swinging Strike 2-2: Foul Ball, location: 2F 2-2: Reached on error, E5 (Groundball, 56S) Ed Bowers to third
|
Batting: RHB Dejmi Dumervil
|
0-0: Ball 1-0: Ball 2-0: Called Strike 2-1: Called Strike 2-2: Strikes out looking
|
Batting: RHB Fortunato Rasquinha
|
0-0: Swinging Strike 0-1: Ground out 6-3 (Groundball, 6S)
|
Top of the 3rd over - 0 runs, 1 hit, 1 error, 2 left on base; Mercer Island 2 - Tacoma 0 |
BOTTOM OF THE 3RD |
Tacoma Fur Traders batting - Pitching for Mercer Island Screaming Eagles : RHP Zion DeBose
|
Batting: RHB Alejandro Aquilera
|
0-0: Foul Ball, location: 2F 0-1: Called Strike 0-2: Foul Ball, location: 2F 0-2: Strikes out swinging
|
Batting: RHB Stan Wheeler
|
0-0: Called Strike 0-1: Foul Ball, location: 2F 0-2: SINGLE (Groundball, 6D)
|
Batting: LHB Vance Corkum
|
0-0: Fielders Choice at 2nd, 4-6 (Groundball, 4)
|
Batting: RHB Josh Mawdesley
|
0-0: Fielders Choice at 2nd, 6-4 (Groundball, 56)
|
Bottom of the 3rd over - 0 runs, 1 hit, 0 errors, 1 left on base; Mercer Island 2 - Tacoma 0 |
TOP OF THE 4TH |
Mercer Island Screaming Eagles batting - Pitching for Tacoma Fur Traders : LHP Walt Crouch
|
Batting: RHB Emílio Ramírez
|
0-0: SINGLE (Groundball, 6MD)
|
Batting: RHB Juan Reyes
|
0-0: Called Strike 0-1: SINGLE (Groundball, 56D) Emílio Ramírez to second
|
Batting: SHB Jason Graham
|
0-0: Called Strike 0-1: Ball 1-1: Foul Ball, location: 2F 1-2: Ball 2-2: Foul Ball, location: 2F 2-2: Strikes out swinging
|
Batting: RHB Oliver Burrell
|
0-0: Ball 1-0: Ball 2-0: Called Strike 2-1: Foul Ball, location: 2F 2-2: SINGLE (Groundball, 13S) (infield hit) Emílio Ramírez to third Juan Reyes to second
|
Batting: RHB Ed Bowers
|
0-0: Ball 1-0: Ball 2-0: Called Strike 2-1: Ball 3-1: Foul Ball, location: 2F 3-2: Foul Ball, location: 2F 3-2: Strikes out looking
|
Batting: RHB Kimi Okubo
|
0-0: Called Strike 0-1: Foul Ball, location: 2F 0-2: Foul Ball, location: 2F 0-2: Ball 1-2: Foul Ball, location: 2F 1-2: Fly out, F8 (Line Drive, 8LD)
|
Top of the 4th over - 0 runs, 3 hits, 0 errors, 3 left on base; Mercer Island 2 - Tacoma 0 |
BOTTOM OF THE 4TH |
Tacoma Fur Traders batting - Pitching for Mercer Island Screaming Eagles : RHP Zion DeBose
|
Batting: LHB Keizo Morishita
|
0-0: Ball 1-0: Fly out, F8 (Flyball, 8LM)
|
Batting: RHB Sinclair Bothof
|
0-0: Ground out 3-1 (Groundball, 34)
|
Batting: RHB Bill Perkins
|
0-0: Foul Ball, location: 2F 0-1: Called Strike 0-2: Strikes out swinging
|
Bottom of the 4th over - 0 runs, 0 hits, 0 errors, 0 left on base; Mercer Island 2 - Tacoma 0 |
TOP OF THE 5TH |
Mercer Island Screaming Eagles batting - Pitching for Tacoma Fur Traders : LHP Walt Crouch
|
Batting: SHB Serious Lee
|
0-0: Ground out 5-3 (Groundball, 56S)
|
Batting: RHB Dejmi Dumervil
|
0-0: Ball 1-0: Swinging Strike 1-1: Ball 2-1: Called Strike 2-2: DOUBLE (Flyball, 8RD)
|
Batting: RHB Fortunato Rasquinha
|
0-0: Called Strike 0-1: Ball 1-1: Ball 2-1: Ball 3-1: SINGLE (Groundball, 6MD) Dejmi Dumervil to third Runner from 3rd tries for Home, SAFE, no throw
|
Batting: RHB Emílio Ramírez
|
0-0: Ball 1-0: Foul Ball, location: 2F 1-1: SINGLE (Flyball, 7S) Fortunato Rasquinha to second
|
Batting: RHB Juan Reyes
|
0-0: Foul Ball, location: 2F 0-1: Called Strike 0-2: Grounds into double play, U4-3 (Groundball, 6M)
|
Top of the 5th over - 1 run, 3 hits, 0 errors, 1 left on base; Mercer Island 3 - Tacoma 0 |
BOTTOM OF THE 5TH |
Tacoma Fur Traders batting - Pitching for Mercer Island Screaming Eagles : RHP Zion DeBose
|
Batting: RHB Robin Colwill
|
0-0: Foul Ball, location: 2F 0-1: Ball 1-1: Called Strike 1-2: Strikes out looking
|
Batting: RHB Michael Palledorous
|
0-0: Ball 1-0: Foul Ball, location: 2F 1-1: DOUBLE (Flyball, 9LD)
|
Batting: RHB Alejandro Aquilera
|
0-0: Swinging Strike 0-1: Ball 1-1: Ground out 6-3 (Groundball, 6)
|
Batting: RHB Stan Wheeler
|
0-0: Called Strike 0-1: Ball 1-1: Ball 2-1: Swinging Strike 2-2: Foul Ball, location: 2F 2-2: Ball 3-2: SINGLE (Groundball, 56D) Michael Palledorous to third Michael Palledorous scores
|
Batting: LHB Vance Corkum
|
0-0: Ball 1-0: Ball 2-0: SINGLE (Groundball, 6MD) Stan Wheeler to second
|
Batting: RHB Josh Mawdesley
|
0-0: Ball 1-0: Called Strike 1-1: Foul Ball, location: 2F 1-2: Fly out, F7 (Flyball, 7)
|
Bottom of the 5th over - 1 run, 3 hits, 0 errors, 2 left on base; Mercer Island 3 - Tacoma 1 |
TOP OF THE 6TH |
Mercer Island Screaming Eagles batting - Pitching for Tacoma Fur Traders : LHP Walt Crouch
|
Batting: SHB Jason Graham
|
0-0: Ball 1-0: DOUBLE (Groundball, 5L)
|
Batting: RHB Oliver Burrell
|
0-0: Called Strike 0-1: Called Strike 0-2: Ball 1-2: Ball 2-2: Foul Ball, location: 2F 2-2: Strikes out swinging
|
Batting: RHB Ed Bowers
|
0-0: Called Strike 0-1: Called Strike 0-2: Ground out 4-3 (Groundball, 4) Jason Graham to third
|
Batting: RHB Kimi Okubo
|
0-0: Ground out 6-3 (Groundball, 6)
|
Top of the 6th over - 0 runs, 1 hit, 0 errors, 1 left on base; Mercer Island 3 - Tacoma 1 |
BOTTOM OF THE 6TH |
Tacoma Fur Traders batting - Pitching for Mercer Island Screaming Eagles : RHP Zion DeBose
|
Batting: LHB Keizo Morishita
|
0-0: Ground out 6-3 (Groundball, 6)
|
Batting: RHB Sinclair Bothof
|
0-0: Called Strike 0-1: Ball 1-1: Ball 2-1: Fly out, F8 (Flyball, 8LD)
|
Batting: RHB Bill Perkins
|
0-0: Called Strike 0-1: Foul Ball, location: 2F 0-2: Foul Ball, location: 2F 0-2: Foul Ball, location: 2F 0-2: Fly out, F6 (Line Drive, 6M)
|
Bottom of the 6th over - 0 runs, 0 hits, 0 errors, 0 left on base; Mercer Island 3 - Tacoma 1 |
TOP OF THE 7TH |
Mercer Island Screaming Eagles batting - Pitching for Tacoma Fur Traders : LHP Walt Crouch
|
Batting: SHB Serious Lee
|
0-0: Called Strike 0-1: Foul Ball, location: 2F 0-2: Ball 1-2: Ball 2-2: Ground out 6-3 (Groundball, 6)
|
Batting: RHB Dejmi Dumervil
|
0-0: Foul Ball, location: 2F 0-1: Ball 1-1: Ground out 6-3 (Groundball, 6MD)
|
Batting: RHB Fortunato Rasquinha
|
0-0: Ground out 6-3 (Groundball, 6)
|
Top of the 7th over - 0 runs, 0 hits, 0 errors, 0 left on base; Mercer Island 3 - Tacoma 1 |
BOTTOM OF THE 7TH |
Tacoma Fur Traders batting - Pitching for Mercer Island Screaming Eagles : RHP Zion DeBose
|
Batting: RHB Robin Colwill
|
0-0: Ball 1-0: Foul Ball, location: 2F 1-1: Ball 2-1: Ball 3-1: Foul Ball, location: 2F 3-2: Ground out U3 (Groundball, 34S)
|
Batting: RHB Michael Palledorous
|
0-0: Ball 1-0: Foul Ball, location: 2F 1-1: Foul Ball, location: 2F 1-2: Ball 2-2: Ground out 2-3 (Groundball, 15S)
|
Batting: RHB Alejandro Aquilera
|
0-0: Ball 1-0: Called Strike 1-1: Ball 2-1: Foul Ball, location: 2F 2-2: Fly out, F9 (Line Drive, 89M)
|
Bottom of the 7th over - 0 runs, 0 hits, 0 errors, 0 left on base; Mercer Island 3 - Tacoma 1 |
TOP OF THE 8TH |
Mercer Island Screaming Eagles batting - Pitching for Tacoma Fur Traders : LHP Walt Crouch
|
Pitching: RHP Arie de Nooyer
|
|
Batting: RHB Emílio Ramírez
|
0-0: Foul Ball, location: 2F 0-1: Ball 1-1: Ball 2-1: Swinging Strike 2-2: Strikes out swinging
|
Batting: RHB Juan Reyes
|
0-0: Ball 1-0: Fly out, F7 (Flyball, 7)
|
Batting: SHB Jason Graham
|
0-0: Foul Ball, location: 2F 0-1: Foul Ball, location: 2F 0-2: Ball 1-2: Ball 2-2: Strikes out looking
|
Top of the 8th over - 0 runs, 0 hits, 0 errors, 0 left on base; Mercer Island 3 - Tacoma 1 |
BOTTOM OF THE 8TH |
Tacoma Fur Traders batting - Pitching for Mercer Island Screaming Eagles : RHP Zion DeBose
|
Batting: RHB Stan Wheeler
|
0-0: Foul Ball, location: 2F 0-1: Foul Ball, location: 2F 0-2: Ball 1-2: Fly out, F3 (Line Drive, 3)
|
Pitching: LHP Mario López
|
|
Batting: LHB Vance Corkum
|
0-0: SINGLE (Groundball, 34) (infield hit)
|
Batting: RHB Josh Mawdesley
|
0-0: Ball 1-0: Foul Ball, location: 2F 1-1: Foul Ball, location: 2F 1-2: Fly out, F8 (Line Drive, 78D)
|
Batting: LHB Keizo Morishita
|
0-0: Foul Ball, location: 2F 0-1: Ball 1-1: Ball 2-1: Foul Ball, location: 2F 2-2: Foul Ball, location: 2F 2-2: Strikes out looking
|
Bottom of the 8th over - 0 runs, 1 hit, 0 errors, 1 left on base; Mercer Island 3 - Tacoma 1 |
TOP OF THE 9TH |
Mercer Island Screaming Eagles batting - Pitching for Tacoma Fur Traders : RHP Arie de Nooyer
|
Batting: RHB Oliver Burrell
|
0-0: Swinging Strike 0-1: Swinging Strike 0-2: Ball 1-2: Strikes out swinging
|
Batting: RHB Ed Bowers
|
0-0: Foul Ball, location: 2F 0-1: Ball 1-1: Called Strike 1-2: Ball 2-2: Strikes out swinging
|
Batting: RHB Kimi Okubo
|
0-0: Called Strike 0-1: Ground out 6-3 (Groundball, 6)
|
Top of the 9th over - 0 runs, 0 hits, 0 errors, 0 left on base; Mercer Island 3 - Tacoma 1 |
BOTTOM OF THE 9TH |
Tacoma Fur Traders batting - Pitching for Mercer Island Screaming Eagles : LHP Mario López
|
Batting: RHB Sinclair Bothof
|
0-0: Called Strike 0-1: Ball 1-1: Ball 2-1: Foul Ball, location: 2F 2-2: Strikes out looking
|
Batting: RHB Bill Perkins
|
0-0: Called Strike 0-1: Ball 1-1: Fly out, F5 (Popup, 5SF)
|
Batting: RHB Robin Colwill
|
0-0: Ball 1-0: Foul Ball, location: 2F 1-1: Foul Ball, location: 2F 1-2: Ball 2-2: Hit by Pitch
|
Batting: RHB Michael Palledorous
|
0-0: Foul Ball, location: 2F 0-1: Called Strike 0-2: Strikes out swinging
|
Bottom of the 9th over - 0 runs, 0 hits, 0 errors, 1 left on base; Mercer Island 3 - Tacoma 1 |
|